 Dungeon Crawl Stone Soup version 0.27-a0-1193-g8631133539 (webtiles) character file.

Game seed: 15490130848412363765

74 lunkers the Digger (level 4, 0/27 (30) HPs)
             Began as a Vampire Earth Elementalist on May 25, 2021.
             Was an Initiate of Gozag.
             Slain by Terence
             ... wielding a +1 flail of draining
              (2 damage)
             ... on level 3 of the Dungeon.
             The game lasted 00:04:42 (1928 turns).

lunkers the Digger (Vampire Earth Elementalist)     Turns: 1928, Time: 00:04:42

HP:   0/27 (30)     AC:  3    Str:  7    XL:     4   Next: 10%
MP:   11/17         EV: 12    Int: 18    God:    Gozag
Gold: 81            SH:  0    Dex: 14    Spells: 2/8 levels left

rFire    . . .     SeeInvis +   f - +2 dagger (speed)
rCold    . . .     Faith    .   (no shield)
rNeg     . . .     Spirit   .   c - +0 robe
rPois    .         Reflect  .   (no helmet)
rElec    .         Harm     .   (no cloak)
rCorr    .         Rampage  .   (no gloves)
Will     .....                  i - +0 pair of boots
Stlth    ++........             (no amulet)
HPRegen  0.29/turn              d - ring of magical power
MPRegen  0.15/turn              (no ring)

@: healing quickly, heavily drained
A: alive, fangs 3, see invisible, vampiric 2
a: Exsanguinate, Renounce Religion, Potion Petition, Call Merchant, Bribe Branch


You were on level 3 of the Dungeon.
You worshipped Gozag.
Gozag was noncommittal.
You visited 1 branch of the dungeon, and saw 3 of its levels.

You collected 95 gold pieces.
You paid 14 gold pieces to Gozag.

Inventory:

Hand Weapons
 f - a +2 dagger of speed (weapon)
Missiles
 b - 54 stones
Armour
 c - a +0 robe (worn)
 i - a +0 pair of boots (worn)
 n - a +0 pair of boots
Jewellery
 d - a ring of magical power (left hand)
Scrolls
 a - a scroll of torment {unknown}
 h - a scroll of immolation {unknown}
 j - 4 scrolls of identify {unknown}
 k - a scroll of enchant armour {unknown}
 l - a scroll of summoning {unknown}
 m - a scroll of blinking {unknown}
Potions
 e - a potion of might {unknown}
 g - a potion of flight {unknown}


   Skills:
 - Level 2.1 Dodging
 - Level 3.0 Stealth
 + Level 2.8 Spellcasting
 - Level 1.1 Transmutations
 * Level 4.4 Earth Magic


You had 2 spell levels left.
You knew the following spells:

 Your Spells              Type           Power      Damage    Failure   Level
a - Sandblast             Erth           36%        2d10      2%          1
b - Passwall              Tmut/Erth      10%        N/A       9%          2
c - Stone Arrow           Conj/Erth      20%        3d8       21%         3

Your spell library contained the following spells:

 Spells                   Type           Power      Damage    Failure   Level
 Petrify                  Tmut/Erth      12%        N/A       47%         4
 Lee's Rapid Deconstruct  Erth           9%         3d8*      58%         5


Dungeon Overview and Level Annotations

Branches:
Dungeon (3/15)

Altars:
Gozag

Shops:
D:1 [::

Annotations:
D:3 Terence


Innate Abilities, Weirdness & Mutations

Your natural rate of healing is accelerated.
You have razor-sharp teeth.
You have supernaturally acute eyesight. (SInv)
You are afflicted with vampirism and can become a bat while bloodless.


Message History

Aiming: Sandblast (safe; 2% risk of failure)
Press: ? - help, Shift-Dir - straight line, f/p - Terence
Aim: Terence, wielding a +1 flail of draining and wearing a +0 ring mail (severely wounded, 82% to hit)
The blast of sand misses Terence.
The quokka barely misses you.
Terence hits you with a +1 flail of draining!
* * * LOW HITPOINT WARNING * * *
You feel drained.
* * * LOW HITPOINT WARNING * * *
Unknown command.
Casting: Sandblast (safe; 2% risk of failure)
Confirm with . or Enter, or press ? or * to list all spells.
Aiming: Sandblast (safe; 2% risk of failure)
Press: ? - help, Shift-Dir - straight line, f/p - Terence
Aim: Terence, wielding a +1 flail of draining and wearing a +0 ring mail (severely wounded, 82% to hit)
The blast of sand misses Terence.
The quokka bites you.
* * * LOW HITPOINT WARNING * * *
Terence barely misses you.
Unknown command.
Unknown command.
Casting: Sandblast (safe; 2% risk of failure)
Confirm with . or Enter, or press ? or * to list all spells.
Aiming: Sandblast (safe; 2% risk of failure)
Press: ? - help, Shift-Dir - straight line, f/p - Terence
Aim: Terence, wielding a +1 flail of draining and wearing a +0 ring mail (severely wounded, 82% to hit)
The blast of sand misses Terence.
The quokka closely misses you. Terence closely misses you.
Unknown command.
Unknown command.
Unknown command.
Casting: Sandblast (safe; 2% risk of failure)
Confirm with . or Enter, or press ? or * to list all spells.
Aiming: Sandblast (safe; 2% risk of failure)
Press: ? - help, Shift-Dir - straight line, f/p - Terence
Aim: Terence, wielding a +1 flail of draining and wearing a +0 ring mail (severely wounded, 82% to hit)
The blast of sand hits Terence.
Terence is almost dead.
The quokka misses you.
Terence hits you with a +1 flail of draining.
You die...
Your body crumbles into a pile of gold.

##<..# #. .....# #@
##..)####.####
##.......... #..#####.##
#..####...####
#.#...........#
......###.$?##.#######.#
#####.# ##.###$@@r.....#
#.# #># ########### ...
#.# .... #.# ..... ...
.....###. .


You could see Terence and a quokka.

Vanquished Creatures
  An adder (D:2)
  2 worms (D:2)
  A dart slug (D:1)
  A ball python (D:1)
  2 endoplasms (D:1)
  4 giant cockroaches
  9 goblins
  6 hobgoblins
  7 jackals
  5 kobolds
  A quokka (D:1)
  4 bats
  2 frilled lizards (D:2)
  6 rats
51 creatures vanquished.

Notes
Turn   | Place    | Note
-------+----------+-------------------------------------------
     0 | D:1      | lunkers the Vampire Earth Elementalist began the quest for
                  | the Orb.
     0 | D:1      | Reached XP level 1. HP: 13/13 MP: 3/3
   208 | D:1      | Reached XP level 2. HP: 19/19 MP: 5/5
   380 | D:1      | Found Gune's Antique Armour Shop.
   452 | D:1      | Found Kolutzy's Book Boutique.
   584 | D:1      | Gained mutation: You are afflicted with vampirism and can
                  | become a bat while bloodless. [Vampire growth]
   584 | D:1      | Reached XP level 3. HP: 19/24 MP: 6/6
   627 | D:1      | Found Qyosso's Book Shoppe.
   674 | D:1      | Learned a level 2 spell: Passwall
   678 | D:1      | Learned a level 3 spell: Stone Arrow
   699 | D:1      | Reached skill level 4 in Earth Magic
  1302 | D:2      | Found an opulent altar of Gozag.
  1327 | D:2      | Became a worshipper of Gozag Ym Sagoz the Greedy
  1454 | D:2      | Found a faded altar of an unknown god.
  1687 | D:2      | Reached XP level 4. HP: 30/30 MP: 8/8
  1876 | D:3      | Noticed Terence
  1928 | D:3      | Slain by Terence

Illustrated notes

Levels and vault maps discovered:
D:1:      heliophobic_arrival_enchanted_forest, layout_rooms, serial_shops,
          nicolae_shop_behind_doors, nicolae_shop_behind_doors,
          nicolae_shop_overgrown_old_shop, nrook_campfire, minmay_cut_off
D:2:      layout_basic, basic_ecumenical_altar, basic_altar, chequers_avenue,
          minmay_misc_feat_secret_circle
D:3:      layout_loops_ring, kennysheep_slug_shrine, serial_aquarium,
          aquarium_bridge_square [aquarium_subvault_bridge,
          aquarium_subvault_window, aquarium_subvault_wall,
          aquarium_subvault_bridge], aquarium_window_corner,
          aquarium_window_fake, aquarium_view_2d, aquarium_view_2f,
          aquarium_balcony_5b, chequers_serial_rivers_micro_c,
          kennysheep_small_spiral, uniq_grinder, uniq_crazy_yiuf_cottage,
          uniq_terence

Skill      XL: |  1  2  3 |
---------------+----------+-----
Earth Magic    | 4 |  4.4
Dodging        | |  2.1
Stealth        | |  3.0
Spellcasting   | |  2.8
Transmutations | |  1.1

Action                   |  1- 3 |  4- 6 || total
-------------------------+-------+-------++-------
Melee: Unarmed           |     4 |       ||     4
       Bite              |     4 |     1 ||     5
       Dagger            |    41 |    27 ||    68
 Cast: Sandblast         |    51 |     9 ||    60
 Stab: Sleeping          |     2 |       ||     2
Armor: Robe              |    14 |     8 ||    22
Dodge: Dodged            |    39 |    29 ||    68

Table legend: (Time is in decaauts)
 A = Elapsed time spent in this place.
 B = Non-inter-level travel time spent in this place.
 C = Inter-level travel time spent in this place.
 D = Time resting spent in this place.
 E = Time spent auto-exploring this place.
 F = Levels seen in this place.
 G = Mean time per level.
                   A        B        C        D        E       F      G
               +--------+--------+--------+--------+--------+-----+--------+
         Total |   1904 |   1860 |     44 |      0 |   1505 |   3 |  634.7 |
       Dungeon |   1904 |   1860 |     44 |      0 |   1505 |   3 |  634.7 |
               +--------+--------+--------+--------+--------+-----+--------+

Top non-repeatable levels by time:
     D:2: 985 daAuts
     D:1: 861 daAuts
     D:3: 57 daAuts
